[ AOE2 MATCH · #508369574 ]
UnrankedWei vs Armenians
Player's team · LOSS
[ REPLAY ANALYSIS · EXTRACTED FROM THE RECORDED GAME ]
Feudal
9:42
Castle
—
Imperial
—
| APM avg | 56.2 |
| APM peak | 104 |
| eAPM avg | 21.4 |
| Villagers / military | 30 / 10 |
Focus
⚔️ 40.5% · 🌾 59.5%
Archer ×9 · Spearman ×1
Feudal
9:53
Castle
—
Imperial
—
| APM avg | 41.8 |
| APM peak | 79 |
| eAPM avg | 16.8 |
| Villagers / military | 35 / 16 |
Focus
⚔️ 20.4% · 🌾 79.6%
Militia ×16
Match map
Initial resources + every placement click. Lines = walls · curves = elevation contours. ◆ gold · ⬟ stone · ● berries · ✦ relic · ◌ wall gap
Your base· Open — unwalled flank
RumuRaisin's base· Open — 4t gap
Smoothed initial terrain · ◌ = detected wall gap · hover for details
Inputs per minute
— Caraxes the Blood Wyrm - - RumuRaisin
Build order — Caraxes the Blood Wyrm
97 actions detected in the replay
| 0:01 | Queue | Villager (Male) |
| 0:01 | Queue | Villager (Male) |
| 0:02 | Queue | Villager (Male) |
| 0:02 | Queue | Villager (Male) |
| 0:02 | Queue | Villager (Male) |
| 0:04 | Build | House |
| 0:06 | Build | House |
| 1:35 | Build | Mill |
| 1:49 | Queue | Villager (Male) |
| 2:08 | Queue | Villager (Male) |
| 2:23 | Queue | Villager (Male) |
| 3:08 | Queue | Villager (Male) |
| 3:09 | Queue | Villager (Male) |
| 3:28 | Queue | Villager (Male) |
| 3:42 | Queue | Villager (Male) |
| 4:03 | Queue | Villager (Male) |
| 4:11 | Build | House |
| 4:18 | Build | House |
| 4:19 | Build | House |
| 4:21 | Queue | Villager (Male) |
| 5:23 | Queue | Villager (Male) |
| 5:32 | Queue | Villager (Male) |
| 5:33 | Research | Loom |
| 5:54 | Build | Palisade Gate |
| 6:58 | Build | Lumber Camp |
| 7:32 | Research | Feudal Age |
| 7:53 | Build | House |
| 9:10 | Build | Barracks |
| 9:31 | Queue | Villager (Male) |
| 9:42 | Age | Feudal Age |
| 10:17 | Build | Palisade Wall |
| 10:21 | Build | Palisade Wall |
| 10:29 | Build | Palisade Wall |
| 10:31 | Build | Palisade Wall |
| 10:34 | Build | Archery Range |
| 10:45 | Queue | Villager (Male) |
| 10:49 | Build | Mining Camp |
| 11:03 | Queue | Villager (Male) |
| 11:06 | Build | Palisade Wall |
| 11:07 | Build | Palisade Wall |
| 11:08 | Build | Palisade Wall |
| 11:08 | Build | Palisade Wall |
| 11:09 | Build | Palisade Wall |
| 11:11 | Build | Palisade Wall |
| 11:12 | Build | Palisade Wall |
| 11:13 | Build | Palisade Wall |
| 11:14 | Build | Palisade Wall |
| 11:16 | Build | Palisade Wall |
| 11:19 | Queue | Villager (Male) |
| 11:24 | Queue | Archer |
| 11:29 | Build | Palisade Gate |
| 11:33 | Build | House |
| 11:36 | Build | Palisade Wall |
| 11:36 | Build | Palisade Wall |
| 11:40 | Queue | Villager (Male) |
| 11:41 | Queue | Villager (Male) |
| 12:07 | Build | Mill |
| 12:12 | Queue | Archer |
| 12:16 | Build | House |
| 12:22 | Queue | Archer |
| 12:50 | Build | Palisade Wall |
| 12:58 | Build | Palisade Wall |
| 13:05 | Build | Palisade Wall |
| 13:23 | Build | Palisade Wall |
| 13:24 | Build | Palisade Wall |
| 13:54 | Build | Blacksmith |
| 14:12 | Queue | Villager (Male) |
| 14:12 | Queue | Villager (Male) |
| 14:25 | Research | Fletching |
| 14:31 | Build | Farm |
| 14:39 | Build | Palisade Wall |
| 14:40 | Build | Palisade Wall |
| 14:49 | Build | Farm |
| 14:52 | Build | Farm |
| 15:08 | Queue | Archer |
| 15:49 | Build | Farm |
| 15:51 | Build | Farm |
| 15:57 | Queue | Villager (Male) |
| 16:15 | Queue | Villager (Male) |
| 16:26 | Research | Double-Bit Axe |
| 16:30 | Queue | Spearman |
| 17:09 | Queue | Villager (Male) |
| 17:10 | Queue | Villager (Male) |
| 17:14 | Build | Archery Range |
| 18:10 | Queue | Archer |
| 18:26 | Queue | Archer |
| 18:39 | Queue | Archer |
| 18:41 | Build | Palisade Wall |
| 18:52 | Build | Palisade Wall |
| 20:14 | Build | Palisade Wall |
| 20:26 | Queue | Archer |
| 20:26 | Queue | Archer |
| 20:40 | Queue | Villager (Male) |
| 20:40 | Queue | Villager (Male) |
| 20:56 | Build | Market |
| 21:24 | Build | Palisade Wall |
| 21:27 | Build | Palisade Wall |
Build order — RumuRaisin
80 actions detected in the replay
| 0:00 | Queue | Villager (Male) |
| 0:02 | Build | House |
| 0:03 | Build | House |
| 0:06 | Queue | Villager (Male) |
| 0:26 | Queue | Villager (Male) |
| 0:29 | Build | Mule Cart |
| 1:13 | Queue | Villager (Male) |
| 1:38 | Queue | Villager (Male) |
| 2:03 | Queue | Villager (Male) |
| 2:34 | Queue | Villager (Male) |
| 3:01 | Queue | Villager (Male) |
| 3:25 | Queue | Villager (Male) |
| 3:30 | Build | House |
| 3:53 | Queue | Villager (Male) |
| 4:17 | Queue | Villager (Male) |
| 4:50 | Queue | Villager (Male) |
| 5:00 | Build | Mule Cart |
| 5:18 | Queue | Villager (Male) |
| 5:43 | Queue | Villager (Male) |
| 5:45 | Build | House |
| 6:11 | Queue | Villager (Male) |
| 6:26 | Queue | Villager (Male) |
| 7:05 | Build | Barracks |
| 7:06 | Queue | Villager (Male) |
| 7:31 | Queue | Militia |
| 7:35 | Queue | Villager (Male) |
| 7:43 | Research | Feudal Age |
| 8:14 | Build | House |
| 8:25 | Queue | Militia |
| 8:44 | Queue | Militia |
| 8:59 | Build | Mill |
| 9:07 | Queue | Militia |
| 9:24 | Queue | Villager (Male) |
| 9:50 | Queue | Militia |
| 9:53 | Age | Feudal Age |
| 10:19 | Research | Man-at-Arms (upgrade) |
| 10:31 | Research | Wheelbarrow |
| 10:39 | Build | House |
| 10:56 | Queue | Villager (Male) |
| 11:08 | Research | Long Swordsman (upgrade) |
| 11:42 | Queue | Militia |
| 12:15 | Research | Arson |
| 12:17 | Queue | Villager (Male) |
| 12:23 | Build | Watch Tower |
| 13:06 | Queue | Villager (Male) |
| 13:09 | Queue | Militia |
| 13:48 | Queue | Villager (Male) |
| 13:58 | Build | Farm |
| 13:58 | Build | Farm |
| 13:58 | Build | Farm |
| 13:58 | Build | Farm |
| 13:58 | Build | Farm |
| 13:59 | Build | Farm |
| 14:55 | Queue | Militia |
| 14:59 | Queue | Villager (Male) |
| 15:15 | Queue | Militia |
| 15:26 | Build | House |
| 16:04 | Queue | Villager (Male) |
| 16:18 | Queue | Villager (Male) |
| 16:22 | Queue | Militia |
| 16:37 | Queue | Villager (Male) |
| 17:13 | Build | Watch Tower |
| 17:41 | Queue | Villager (Male) |
| 18:24 | Queue | Villager (Male) |
| 18:55 | Queue | Villager (Male) |
| 18:59 | Queue | Militia |
| 19:14 | Queue | Villager (Male) |
| 19:15 | Queue | Militia |
| 19:21 | Build | Watch Tower |
| 19:24 | Queue | Militia |
| 19:29 | Build | Farm |
| 19:29 | Build | Farm |
| 19:34 | Research | Double-Bit Axe |
| 20:24 | Queue | Militia |
| 20:38 | Queue | Villager (Male) |
| 20:39 | Queue | Militia |
| 21:07 | Queue | Militia |
| 21:27 | Queue | Villager (Male) |
| 21:45 | Queue | Villager (Male) |
| 22:09 | Queue | Villager (Male) |
Match timeline
| 7:05 | RumuRaisin · first_building Barracks |
| 9:10 | Caraxes the Blood Wyrm · first_building Barracks |
| 9:42 | Caraxes the Blood Wyrm · age_up feudal |
| 9:53 | RumuRaisin · age_up feudal |
| 10:17 | Caraxes the Blood Wyrm · wall_segment Palisade Wall x1 |
| 10:21 | Caraxes the Blood Wyrm · wall_segment Palisade Wall x1 |
| 10:29 | Caraxes the Blood Wyrm · wall_segment Palisade Wall x1 |
| 10:31 | Caraxes the Blood Wyrm · wall_segment Palisade Wall x1 |
| 10:34 | Caraxes the Blood Wyrm · first_building Archery Range |
| 11:06 | Caraxes the Blood Wyrm · wall_segment Palisade Wall x1 |
| 11:07 | Caraxes the Blood Wyrm · wall_segment Palisade Wall x1 |
| 11:08 | Caraxes the Blood Wyrm · wall_segment Palisade Wall x1 |
| 11:08 | Caraxes the Blood Wyrm · wall_segment Palisade Wall x1 |
| 11:09 | Caraxes the Blood Wyrm · wall_segment Palisade Wall x1 |
| 11:11 | Caraxes the Blood Wyrm · wall_segment Palisade Wall x1 |
| 11:12 | Caraxes the Blood Wyrm · wall_segment Palisade Wall x1 |
| 11:13 | Caraxes the Blood Wyrm · wall_segment Palisade Wall x1 |
| 11:14 | Caraxes the Blood Wyrm · wall_segment Palisade Wall x1 |
| 11:16 | Caraxes the Blood Wyrm · wall_segment Palisade Wall x3 |
| 11:36 | Caraxes the Blood Wyrm · wall_segment Palisade Wall x1 |
| 11:36 | Caraxes the Blood Wyrm · wall_segment Palisade Wall x1 |
| 12:50 | Caraxes the Blood Wyrm · wall_segment Palisade Wall x1 |
| 12:58 | Caraxes the Blood Wyrm · wall_segment Palisade Wall x1 |
| 13:05 | Caraxes the Blood Wyrm · wall_segment Palisade Wall x1 |
| 13:23 | Caraxes the Blood Wyrm · wall_segment Palisade Wall x1 |
| 13:24 | Caraxes the Blood Wyrm · wall_segment Palisade Wall x1 |
| 14:39 | Caraxes the Blood Wyrm · wall_segment Palisade Wall x1 |
| 14:40 | Caraxes the Blood Wyrm · wall_segment Palisade Wall x1 |
| 18:41 | Caraxes the Blood Wyrm · wall_segment Palisade Wall x1 |
| 18:52 | Caraxes the Blood Wyrm · wall_segment Palisade Wall x1 |
| 20:14 | Caraxes the Blood Wyrm · wall_segment Palisade Wall x1 |
| 21:24 | Caraxes the Blood Wyrm · wall_segment Palisade Wall x1 |
| 21:27 | Caraxes the Blood Wyrm · wall_segment Palisade Wall x1 |
| 21:57 | Caraxes the Blood Wyrm · first_market_sell 100 food |
| 22:10 | Caraxes the Blood Wyrm · resign |
[ AI ANALYSIS · 1 CREDIT ]
What really happened in this match?
Wolo.gg analyzes every decision: build order, eco, micro, common mistakes by bracket. Personalized analysis on WhatsApp or Discord in 30 seconds.
Civ guide
Wei
Perfil
Caraxes the Blood Wyrm